Yev-Ruu, chaotic female vampiric Convict ---------- )####%##############################)##%.).)....| ----- # |........| |.<.| # @_).......- |....# # @----.----- |...|### # # # |....###### # | ### ---+- ### # |. # # # # # -. . -----+---- -.|0## # ### # -.....................%# # # # #|.............{......{..........| ## ### #| --+----| - ----........... ---.------ # # - ----.|- |....)...)#)#### .. |........| # ... |........| ##+ |.. |>.......| --- ---------- Yev-Ruu the Jail-bird Experience level: 7 Strength: 16 Dexterity: 11 Constitution: 18 Intelligence: 10 Wisdom: 12 Charisma: 8 Health: 0(71) Energy: 39(39) AC: -2 Gold: 376 Moves: 2281 Your Inventory: Coins $ - 376 gold pieces Armor b - a cursed +0 striped shirt (being worn) f - an uncursed +0 pair of gauntlets of dexterity (being worn) t - an [uncursed] +0 pair of hard shoes [iron] (being worn) u - an [uncursed] +0 hard hat [dwarvish iron helm] (being worn) v - a cursed -1 large round shield [dwarvish roundshield] (being worn) y - an [uncursed] +0 dwarvish mithril-coat (being worn) B - an [uncursed +0] pair of walking shoes [low] C - an uncursed +0 small shield Tools k - an [uncursed] blindfold Iron balls c - an [uncursed] rusty heavy iron ball (chained to you) (weapon in hand) Spells known in the end: Name Level Category Fail Memory Your skills at the end: Fighting Skills Weapon Skills sling [Basic / Skilled] Spellcasting Skills Final Attributes: You had transgressed. Hunger level was 310. Your alignment was -10 / 21. Monster difficulty range was 1 - 6. Level difficulty was 6. You were immune to poison. You were immune to level-drain. You were immune to sickness. You were punished. You could fly. You could survive without air. You regenerated. Your luck was zero. You are dead. Vanquished creatures: a large mimic a small mimic 2 watchmen an orc mummy a blue jelly a plains centaur a shrieker 7 gnome lords 4 dwarves a hill orc a wererat an acid blob 2 hobbits 3 hobgoblins a giant rat 3 cave spiders a red mold 24 gnomes a gecko 3 jackals a fox a kobold 2 grid bugs a bat a lichen 5 newts 71 creatures vanquished. Voluntary challenges: You went without food. You never hit with a wielded weapon. You read items or engraved 1 time. You put on armor 8 times. You never genocided any monsters. You never polymorphed an object. You never changed form. You used no wishes. You abstained from Elbereth's help. You never encountered a bones level. You never used any Sokoban shortcuts. Dungeon overview: The Dungeons of Doom: levels 1 to 3 Level 1 an altar to Tymora a long staircase Level 2 a general store, an altar, a fountain Level 3 a fountain stairs to The Gnomish Mines The Gnomish Mines: levels 4 to 6 Level 4 stairs to The Dungeons of Doom Level 6 <- You were here some fountains History has recorded: On T:1 you entered the Dungeons of Doom to retrieve the Amulet of Yendor! On T:311 you advanced to experience level 2. On T:404 you reached level 2 of The Dungeons of Doom. On T:754 you advanced to experience level 3. On T:771 you advanced to experience level 4. On T:849 you reached level 3 of The Dungeons of Doom. On T:1156 you advanced to experience level 5. On T:1261 you reached level 1 of The Gnomish Mines. On T:1287 you advanced to experience level 6. On T:1615 you reached level 2 of The Gnomish Mines. On T:1646 you advanced to experience level 7. On T:2075 you reached level 3 of The Gnomish Mines. Latest messages: You miss the watchman. You bite the watchman. The watchman thrusts his spear. The watchman hits! [HP-9=24] You miss the watchman. You bite the watchman. The watchman thrusts his spear. The watchman hits! [HP-7=17] You miss the watchman. You bite the watchman. You feed on the lifeblood. The watchman suddenly seems weaker! The watchman thrusts his spear. The watchman hits! [HP-10=7] You miss the watchman. (2x) [HP+1=8] You miss the watchman. (2x) The watchman thrusts his spear. The watchman hits! You die... Final status: Goodbye Yev-Ruu the Convict... You died in The Gnomish Mines on dungeon level 6 with 3251 points, and 376 pieces of gold, after 2281 moves. You were level 7 with a maximum of 71 hit points when you died.